 Dungeon Crawl Stone Soup version 0.15.1-3-g1b33baa (webtiles) character file.

309 Psiweapon the Covert (level 6, -1/30 HPs)
             Began as a Vine Stalker Assassin on Oct 9, 2014.
             Was a Follower of Dithmenos.
             Killed from afar by Pikel (14 damage)
             ... with a wand of fire
             ... on Level 4 of the Dungeon.
             The game lasted 00:16:59 (2109 turns).

Psiweapon the Covert (Vine Stalker Assassin)        Turns: 2109, Time: 00:16:59

HP  -1/30        AC  1     Str 13      XL: 6   Next: 41%
MP   0/8         EV 11     Int 12      God: Dithmenos [*.....]
Gold 98          SH  0     Dex 17      Spells:  0 memorised,  5 levels left

rFire  . . .     SeeInvis .     q - +2 short sword (venom)
rCold  . . .     Clarity  .     c - +0 robe
rNeg   . . .     rCorr    .     (no shield)
rPois  .         rRot     +     (no helmet)
rElec  .         Spirit   +     v - -2 cloak (curse)
SustAb .         Warding  .     (no gloves)
rMut   .         Stasis   .     (no boots)
Gourm  .                        (no amulet)
MR     .....                    (no ring)
                                (no ring)

@: wreathed by umbra, not resistant to hostile enchantments, quite stealthy
A: fangs 2, regeneration 2, magic shield, antimagic bite, no device heal 3, rot
immunity
a: Renounce Religion


You were on level 4 of the Dungeon.
You worshipped Dithmenos.
Dithmenos was aware of your devotion.
You were not hungry.

You visited 1 branch of the dungeon, and saw 4 of its levels.

You collected 98 gold pieces.

Inventory:

Hand weapons
 a - a +2 dagger
 b - a +0 blowgun
 q - a +2 short sword of venom (weapon)
Missiles
 e - 7 poisoned needles
 w - 2 curare-tipped needles
Armour
 c - a +0 robe (worn)
 d - a +0 cloak
 v - a cursed -2 cloak (worn)
Magical devices
 l - a wand of fire (14)
Comestibles
 g - 3 bread rations
 h - 5 meat rations
 m - a royal jelly
Scrolls
 o - 2 scrolls of enchant weapon
Potions
 j - a potion of magic {unknown}
 k - a potion of porridge
 n - a potion of heal wounds {unknown}
 t - a potion of curing {unknown}
 x - a potion of haste {unknown}


   Skills:
 - Level 1.7 Fighting
 - Level 1.7 Short Blades
 - Level 1.7 Throwing
 - Level 0.7 Dodging
 + Level 9.5 Stealth


You had 5 spell levels left.
You didn't know any spells.

Dungeon Overview and Level Annotations

Branches:
Dungeon (4/15)
 Temple: D:4-7

Altars:
Dithmenos

Annotations:
D:1 exclusion: gnoll
D:4 Pikel


Innate Abilities, Weirdness & Mutations

You have extremely sharp teeth.
You heal very quickly.
When hurt, damage is shared between your health and your magic reserves.
Your bite disrupts and absorbs the magic of your enemies.
Potions and wands cannot restore your health.
You are immune to rotting.


Message History

You climb downwards. 4 slaves and Pikel come into view.
The slave shouts!
Found a scroll labeled SMAKAMA GRAACA.
There is a stone staircase leading up here.
You hit Pikel.
Pikel is poisoned.
You bite Pikel. You drain his power.
Pikel is lightly wounded.
The slave hits you. Pikel hits you with a runed whip. Pikel burns you.
You closely miss Pikel. You bite Pikel, but do no damage.
Pikel is lightly wounded.
Pikel closely misses you.
You hit Pikel.
Pikel looks even sicker.
Pikel is moderately wounded.
The slave hits you. x2
Pikel closely misses you. The slave hits you. The slave barely misses you.
You hit Pikel.
Pikel is heavily wounded.
The slave closely misses you. The slave barely misses you.
Pikel zaps a wand.
The bolt of fire hits you!
You die...

### .......
. #.....#
..# #.....#
...+.....
#.#....
.....##
#Kpp.##....
#p@p..?....
#....##....
#.....#
#.....#
......#
########


You could see Pikel and 4 slaves.

Vanquished Creatures
  An orc priest (D:3)
  Natasha (thrice) (D:3)
  An orc wizard (D:3)
  Jessica (D:2)
  A hound skeleton (D:3)
  4 adders
  8 gnolls
  A worm (D:2)
  An ooze (D:3)
  6 orcs
  9 bats
  A giant cockroach (D:3)
  4 goblins
  5 hobgoblins
  4 jackals (D:2)
  3 quokkas (D:2)
  3 giant geckos
  4 giant newts
  10 kobolds
  6 rats
76 creatures vanquished.

Notes
Turn   | Place    | Note
--------------------------------------------------------------
     0 | D:1      | Psiweapon, the Vine Stalker Assassin, began the quest for the Orb.
     0 | D:1      | Reached XP level 1. HP: 11/11 MP: 1/1
    13 | D:1      | Reached skill level 5 in Stealth
   166 | D:1      | Reached XP level 2. HP: 15/15 MP: 3/3
   497 | D:1      | Reached skill level 6 in Stealth
   525 | D:1      | Reached XP level 3. HP: 18/18 MP: 4/4
   631 | D:2      | Found a shadowy altar of Dithmenos.
   636 | D:2      | Became a worshipper of Dithmenos the Shadowed
   680 | D:2      | Noticed Jessica
   688 | D:2      | Killed Jessica
   806 | D:2      | Reached XP level 4. HP: 23/23 MP: 5/5
   859 | D:2      | Reached skill level 7 in Stealth
  1317 | D:3      | Noticed Natasha
  1333 | D:3      | Killed Natasha
  1345 | D:3      | Noticed Natasha
  1351 | D:3      | Reached XP level 5. HP: 24/26 MP: 7/7
  1353 | D:3      | Killed Natasha
  1353 | D:3      | Reached skill level 8 in Stealth
  1395 | D:3      | Noticed Natasha
  1403 | D:3      | Killed Natasha
  1660 | D:3      | Reached skill level 9 in Stealth
  1660 | D:3      | Gained mutation: You heal very quickly. [vine stalker growth]
  1660 | D:3      | Reached XP level 6. HP: 30/30 MP: 8/8
  2105 | D:4      | Noticed Pikel
  2109 | D:4      | Killed from afar by Pikel

Action                   |  1- 3 |  4- 6 || total
-------------------------+-------+-------++-------
Melee: Dagger            |    40 |       ||    40
       Short sword       |    17 |   107 ||   124
 Fire: Blowgun           |     2 |    16 ||    18
Evoke: Wand              |       |     1 ||     1
  Use: Scroll            |       |     6 ||     6
 Stab: Sleeping          |     8 |     8 ||    16
       Distracted        |     1 |     1 ||     2
  Eat: Chunk             |       |     3 ||     3
       Bread ration      |       |     1 ||     1
